 Dungeon Crawl Stone Soup version 0.30-a0-702-gdf48620a09 (webtiles) character file.

Game seed: 7883573702864833297

182 Newt the Trooper (level 5, -4/42 HPs)
             Began as a Demonspawn Gladiator on Jan 21, 2023.
             Slain by a kobold brigand
             ... wielding a +0 whip
              (7 damage)
             ... in a sewer.
             The game lasted 00:02:42 (2085 turns).

Newt the Trooper (Demonspawn Gladiator)             Turns: 2085, Time: 00:02:42

Health: -4/42      AC:  3    Str: 15    XL:     5   Next: 34%
Magic:  7/7        EV: 13    Int: 11    God:
Gold:   80         SH:  0    Dex: 20    Spells: 7/7 levels left

rFire   . . .      SeeInvis .    i - +3 short sword (venom)
rCold   . . .      Faith    .    (no shield)
rNeg    . . .      Spirit   .    n - +0 leather armour {Will+}
rPois   .          Reflect  .    (helmet restricted)
rElec   .          Harm     .    (no cloak)
rCorr   .          Rampage  .    (no gloves)
Will    +....                    (no boots)
Stlth   +                        (no amulet)
HPRegen 0.27/turn                r - +6 ring of dexterity
MPRegen 0.10/turn                (no ring)

@: brilliant, hasted, quick
A: horns 2, demonic magic 1
a: no special abilities


You were in a sewer.
You visited 1 branch of the dungeon, and saw 3 of its levels.
You also visited: Sewer.

You collected 80 gold pieces.

Inventory:

Hand Weapons
 a - a +0 rapier
 h - a +0 falchion of electrocution
 i - a +3 short sword of venom (weapon)
Missiles
 d - 5 throwing nets (quivered)
 e - a javelin
 f - 12 poisoned darts
Armour
 b - a +0 leather armour
 c - a +0 helmet
 n - a +0 leather armour of willpower (worn)
Jewellery
 r - a +6 ring of dexterity (left hand)
Scrolls
 j - 2 scrolls of teleportation {unknown}
 m - a scroll of immolation {unknown}
 o - a scroll of identify {unknown}
 q - a scroll of silence {unknown}
Potions
 g - a potion of haste
 k - a potion of brilliance
 l - a potion of flight {unknown}
 p - a potion of curing {unknown}
 s - 2 potions of attraction {unknown}
 t - a potion of might {unknown}


   Skills:
 - Level 4.0 Fighting
 - Level 2.6 Short Blades
 - Level 1.7 Throwing
 - Level 2.6 Dodging
 - Level 3.0 Stealth
 * Level 1.8 Spellcasting


You had 7 spell levels left.
You didn't know any spells.
Your spell library was empty.

Dungeon Overview and Level Annotations

Branches:
Dungeon (3/15)              Sewer (1/1)

Altars:

Shops:
D:2 [:((


Innate Abilities, Weirdness & Mutations

You have a pair of horns on your head.
Spells you cast may paralyse adjacent enemies.


Message History

The kobold brigand hits you with a +0 whip.
You are too injured to fight recklessly!
You are too injured to fight recklessly!
You are too injured to fight recklessly!
You are too injured to fight recklessly!
You are too injured to fight recklessly!
You are too injured to fight recklessly!
You are too injured to fight recklessly!
You are too injured to fight recklessly!
You are too injured to fight recklessly!
You are too injured to fight recklessly!
You are too injured to fight recklessly!
A kobold brigand is nearby!
Unknown command.
You hit the kobold brigand.
The kobold brigand is poisoned.
Your headbutt misses the kobold brigand.
The kobold brigand is moderately wounded.
You feel sick.
You hit the kobold brigand but do no damage.
Your headbutt misses the kobold brigand.
The kobold brigand is moderately wounded.
You feel sick.
The kobold brigand hits you with a +0 whip.
* * * LOW HITPOINT WARNING * * *
Your unstable footing causes you to fumble your attack.
You feel sick. The kobold brigand closely misses you.
You hit the kobold brigand but do no damage.
The kobold brigand looks as sick as possible!
You headbutt the kobold brigand.
The kobold brigand is heavily wounded.
You feel sick.
The kobold brigand hits you with a +0 whip.
* * * LOW HITPOINT WARNING * * *
It was a potion of haste.
You feel yourself speed up.
You feel sick.
You are no longer poisoned.
The kobold brigand misses you.
It was a potion of brilliance.
You feel clever all of a sudden.
The kobold brigand hits you with a +0 whip!
You die...

#####
######
#.#r#
#.#.#.
#~#~#
#~#~#~
#K#~#
#~#~#~
#@#~#
#~#~#~
#~~.#
~~
#~†~#.
##.##
~#
##~###
#.# .#
#~# #
#~###~#
#~###
#~~~~~#
#~~~~
##.~~##
##~~~
#.~~#
#~~.
#...#
#~..


You could see a kobold brigand (extremely poisoned).

Vanquished Creatures
  A phantom (D:3)
  3 adders
  5 worms
  5 dart slugs
  3 orcs (D:3)
  A bat (D:2)
  4 endoplasms
  A giant cockroach (D:1)
  6 goblins
  2 hobgoblins
  3 jackals (D:1)
  3 quokkas
  6 ball pythons
  A frilled lizard (D:2)
  2 kobolds
  5 rats
51 creatures vanquished.

Notes
Turn   | Place    | Note
-------+----------+-------------------------------------------
     0 | D:1      | Newt the Demonspawn Gladiator began the quest for the Orb.
     0 | D:1      | Reached XP level 1. HP: 16/16 MP: 1/1
   116 | D:1      | Reached skill level 1 in Stealth
   189 | D:1      | Gained mutation: Spells you cast may paralyse adjacent
                  | enemies. [demonic ancestry]
   189 | D:1      | Reached XP level 2. HP: 22/22 MP: 2/2
   853 | D:2      | Gained mutation: You have a pair of small horns on your
                  | head. [demonic ancestry]
   853 | D:2      | Reached XP level 3. HP: 27/27 MP: 3/3
   913 | D:2      | Found Iniub's Antique Weapon Emporium.
   993 | D:2      | Found Jihargh's Weapon Shop.
  1199 | D:2      | Found Kunoigh's Book Boutique.
  1431 | D:2      | Found Ciwyxih's Armour Emporium.
  1436 | D:2      | Reached XP level 4. HP: 34/34 MP: 4/4
  1499 | D:2      | Reached skill level 3 in Fighting
  1797 | D:3      | Noticed a phantom
  1811 | D:3      | Killed a phantom
  1812 | D:3      | Reached skill level 4 in Fighting
  1812 | D:3      | Reached skill level 1 in Spellcasting
  1812 | D:3      | Gained mutation: You have a pair of horns on your head.
                  | [demonic ancestry]
  1812 | D:3      | Reached XP level 5. HP: 35/42 MP: 4/6
  1947 | D:3      | Found a glowing drain.
  1963 | Sewer    | Entered a sewer
  2085 | Sewer    | Slain by a kobold brigand

Illustrated notes

Levels and vault maps discovered:
D:1:      eino_arrival_druids_welcome, layout_loops_ring
D:2:      layout_basic, serial_shops, nicolae_diamond_shop, shop, shop, shop,
          chequers_serial_rivers_small_3, kennysheep_flooded_box
D:3:      wad_crossroads, layout_rooms, xom_confusion_cloud,
          cheibrodos_sewer_entry_bend, uniq_terence
Sewer:    sewer_co_tree

Skill      XL: |  1  2  3  4 |
---------------+-------------+-----
Stealth        | 1 2 3 |  3.0
Fighting       | 4 |  4.0
Spellcasting   | 1 |  1.8
Short Blades   | |  2.6
Throwing       | |  1.7
Dodging        | |  2.6

Action                   |  1- 3 |  4- 6 || total
-------------------------+-------+-------++-------
Melee: Rapier            |    47 |       ||    47
       Short sword       |    49 |    64 ||   113
       Headbutt          |     6 |    10 ||    16
  Use: Potion            |       |     2 ||     2
       Scroll            |       |     1 ||     1
 Stab: Sleeping          |    12 |     5 ||    17
Armor: Leather armour    |    18 |     7 ||    25
Dodge: Dodged            |    38 |    26 ||    64

Table legend: (Time is in decaauts)
 A = Elapsed time spent in this place.
 B = Non-inter-level travel time spent in this place.
 C = Inter-level travel time spent in this place.
 D = Time resting spent in this place.
 E = Time spent auto-exploring this place.
 F = Levels seen in this place.
 G = Mean time per level.
                   A        B        C        D        E       F      G
               +--------+--------+--------+--------+--------+-----+--------+
         Total |   2107 |   2072 |     35 |    169 |   1435 |   4 |  526.8 |
       Dungeon |   1960 |   1925 |     35 |    169 |   1326 |   3 |  653.3 |
         Sewer |    146 |    146 |      0 |      0 |    109 |   1 |  146.0 |
               +--------+--------+--------+--------+--------+-----+--------+

Top non-repeatable levels by time:
     D:2: 1031 daAuts
     D:1: 765 daAuts
     D:3: 163 daAuts
   Sewer: 146 daAuts
